| Goals | Penalties |
No Goal
|
No Penalty
|
No Goal
|
Cole Fonstad (EDM) for Tripping (Minor) at 0:22 Brayden Pachal (EDM) for Fighting (Major) at 4:46 Will Butcher (S J) for Fighting (Major) at 4:46 Emilio Pettersen (EDM) for Slashing (Minor) at 8:01 Cole Fonstad (EDM) for Boarding (Major) at 16:22
|
1. Condors , Cole Fonstad 7 (Navrin Mutter 2) at 2:10
|
Tobie Paquette-Bisson (S J) for Attempt to injure (Major / Game Misconduct) at 2:46
|
|
Michael Houser (S J), 8 saves from 9 shots - (0,889), L, 5-9-3, 59:11 minutes
Hunter Shepard (EDM), 14 saves from 14 shots - (1,000), W, 2-5-1, 60:00 minutes
|
|
1 - Hunter Shepard (EDM)
2 - Navrin Mutter (EDM)
3 - Nick Blankenburg (EDM)
|
Referees : Francis Charron and Cody Beach
Linesman : Jenni Heikkinen and Andrew Smith
|
|
Brayden Pachal beats up Will Butcher at 4:46 of 2nd period
Tobie Paquette-Bisson (S J) for Attempt to injure (Major / Game Misconduct) at 2:46
Tobie Paquette-Bisson ejected from game at 2:46 of 3rd period
|
| Team Name |
Goals |
Shots |
Shots Attemp |
Shots Blocked |
PIM |
HIT |
PP |
PK |
FO% |
| Barracuda |
0 | 14 | 35 | 5 | 20 | 11 | 0 / 3 (0%) | 0 | 56% |
| Condors |
1 | 9 | 21 | 7 | 14 | 16 | 0 / 1 (0%) | 0 | 44% |
Barracuda
| Player Name |
POS |
G |
A |
P |
+/- |
PIM |
HIT |
SHT |
SB |
MP |
PP MP |
PP SHT |
PK MP |
PK SHT |
FO% |
FOT |
GA |
TA |
| Adam Clendening | D | 0 | 0 | 0 | 0 | 0 | 1 | 4 | 1 | 26:27 | 5:42 | 2 | 2:14 | 0 | 0% |
0 | 0 | 0 |
| Cavan Fitzgerald | D | 0 | 0 | 0 | 0 | 0 | 0 | 0 | 0 | 13:32 | 3:41 | 0 | 1:36 | 0 | 0% |
0 | 0 | 0 |
| Cole Moberg | D | 0 | 0 | 0 | 0 | 0 | 0 | 0 | 1 | 15:52 | 3:05 | 0 | 1:40 | 0 | 0% |
0 | 0 | 0 |
| Dylan McIlrath | D | 0 | 0 | 0 | -1 | 0 | 2 | 0 | 0 | 17:29 | 0:10 | 0 | 2:15 | 0 | 0% |
0 | 0 | 0 |
| Elmer Soderblom | C/LW | 0 | 0 | 0 | 0 | 0 | 0 | 1 | 0 | 19:15 | 3:47 | 0 | 0:07 | 0 | 57% |
7 | 0 | 0 |
| John Hayden | C/LW/RW | 0 | 0 | 0 | -1 | 0 | 0 | 1 | 0 | 21:35 | 4:28 | 0 | 1:43 | 0 | 50% |
14 | 0 | 0 |
| Joshua Roy | LW/RW | 0 | 0 | 0 | 0 | 0 | 1 | 2 | 0 | 20:31 | 3:47 | 0 | 1:17 | 0 | 0% |
0 | 0 | 0 |
| Leon Gawanke | D | 0 | 0 | 0 | 0 | 0 | 0 | 0 | 1 | 12:23 | 0:00 | 0 | 0:35 | 0 | 0% |
0 | 0 | 0 |
| Martin Kaut | RW | 0 | 0 | 0 | -1 | 0 | 0 | 0 | 0 | 22:39 | 4:42 | 0 | 1:53 | 0 | 0% |
0 | 1 | 1 |
| Max McCormick | LW | 0 | 0 | 0 | -1 | 0 | 2 | 4 | 0 | 23:25 | 4:28 | 1 | 1:48 | 0 | 50% |
2 | 0 | 0 |
| Michael Callahan | D | 0 | 0 | 0 | 0 | 0 | 1 | 0 | 0 | 12:34 | 0:00 | 0 | 0:00 | 0 | 0% |
0 | 0 | 1 |
| Mike Vecchione | LW | 0 | 0 | 0 | 0 | 0 | 0 | 0 | 0 | 12:09 | 0:42 | 0 | 1:40 | 0 | 0% |
0 | 0 | 0 |
| Pontus Andreasson | C/LW | 0 | 0 | 0 | 0 | 0 | 0 | 0 | 0 | 16:25 | 0:42 | 0 | 0:00 | 0 | 67% |
9 | 1 | 0 |
| Rudolfs Balcers | LW/RW | 0 | 0 | 0 | 0 | 0 | 2 | 1 | 0 | 10:25 | 0:28 | 0 | 0:00 | 0 | 0% |
0 | 0 | 0 |
| Tanner Fritz | C/LW/RW | 0 | 0 | 0 | 0 | 0 | 1 | 1 | 0 | 20:18 | 3:47 | 0 | 1:30 | 1 | 0% |
0 | 0 | 0 |
| Tobie Paquette-Bisson | D | 0 | 0 | 0 | 0 | 15 | 1 | 0 | 1 | 13:55 | 5:16 | 0 | 0:00 | 0 | 0% |
0 | 0 | 1 |
| Tyler Kleven | D | 0 | 0 | 0 | 0 | 0 | 0 | 0 | 0 | 0:55 | 0:00 | 0 | 0:00 | 0 | 0% |
0 | 0 | 0 |
| Will Butcher | D | 0 | 0 | 0 | -1 | 5 | 0 | 0 | 1 | 15:10 | 0:00 | 0 | 1:38 | 0 | 0% |
0 | 0 | 0 |
Condors
| Player Name |
POS |
G |
A |
P |
+/- |
PIM |
HIT |
SHT |
SB |
MP |
PP MP |
PP SHT |
PK MP |
PK SHT |
FO% |
FOT |
GA |
TA |
| Brandon Scanlin | D | 0 | 0 | 0 | 0 | 0 | 1 | 0 | 0 | 18:58 | 1:55 | 0 | 3:51 | 0 | 0% |
0 | 0 | 0 |
| Brayden Pachal | D | 0 | 0 | 0 | 1 | 5 | 1 | 1 | 0 | 20:37 | 2:26 | 0 | 3:41 | 0 | 0% |
0 | 0 | 0 |
| Cole Fonstad | LW | 1 | 0 | 1 | 1 | 7 | 0 | 1 | 0 | 16:48 | 1:57 | 0 | 0:20 | 0 | 0% |
2 | 0 | 0 |
| Emilio Pettersen | C | 0 | 0 | 0 | 1 | 2 | 0 | 3 | 0 | 15:09 | 1:27 | 0 | 0:05 | 0 | 40% |
5 | 0 | 0 |
| Frank Nazar | C/RW | 0 | 0 | 0 | 0 | 0 | 1 | 1 | 0 | 21:43 | 1:48 | 0 | 2:55 | 0 | 33% |
9 | 1 | 0 |
| Hunter McKown | C | 0 | 0 | 0 | 0 | 0 | 3 | 0 | 0 | 17:18 | 0:00 | 0 | 2:49 | 0 | 0% |
2 | 0 | 0 |
| Jack St. Ivany | D | 0 | 0 | 0 | 0 | 0 | 0 | 0 | 0 | 11:34 | 0:00 | 0 | 0:42 | 0 | 0% |
0 | 0 | 1 |
| James Hamblin | C/RW | 0 | 0 | 0 | 0 | 0 | 2 | 0 | 0 | 22:17 | 1:59 | 0 | 4:24 | 0 | 50% |
6 | 0 | 0 |
| Jonathan Aspirot | D | 0 | 0 | 0 | 0 | 0 | 0 | 0 | 2 | 19:17 | 2:07 | 0 | 3:51 | 0 | 0% |
0 | 0 | 1 |
| Luke Toporowski | LW | 0 | 0 | 0 | 0 | 0 | 1 | 1 | 1 | 17:57 | 1:44 | 0 | 1:07 | 0 | 0% |
0 | 0 | 0 |
| Navrin Mutter | LW | 0 | 1 | 1 | 0 | 0 | 2 | 0 | 0 | 15:57 | 1:11 | 0 | 1:45 | 0 | 0% |
0 | 0 | 0 |
| Nick Blankenburg | D | 0 | 0 | 0 | 1 | 0 | 1 | 1 | 4 | 19:54 | 2:26 | 0 | 4:36 | 0 | 0% |
0 | 1 | 0 |
| Nick Wolff | D | 0 | 0 | 0 | 0 | 0 | 1 | 0 | 0 | 7:31 | 0:00 | 0 | 0:00 | 0 | 0% |
0 | 0 | 0 |
| Nikolai Knyzhov | D | 0 | 0 | 0 | 0 | 0 | 0 | 0 | 0 | 10:05 | 0:30 | 0 | 0:00 | 0 | 0% |
0 | 0 | 0 |
| Tristen Nielsen | C | 0 | 0 | 0 | 1 | 0 | 1 | 1 | 0 | 12:13 | 1:33 | 1 | 0:00 | 0 | 100% |
2 | 0 | 0 |
| Ville Ottavainen | D | 0 | 0 | 0 | 0 | 0 | 1 | 0 | 0 | 15:31 | 1:15 | 0 | 1:15 | 0 | 0% |
0 | 0 | 0 |
| Walker Duehr | RW | 0 | 0 | 0 | 0 | 0 | 1 | 0 | 0 | 23:45 | 1:59 | 0 | 4:29 | 0 | 67% |
6 | 1 | 0 |
| Zack Hayes | D | 0 | 0 | 0 | 0 | 0 | 0 | 0 | 0 | 4:27 | 0:38 | 0 | 0:00 | 0 | 0% |
0 | 0 | 0 |
Barracuda
| 5 vs 5 Forward |
|---|
| Line # | Left Wing | Center | Right Wing | PHY | DF | OF | Wanted % | Time % | Time Play |
| 1 | Max McCormick | John Hayden | Martin Kaut | 1 | 2 | 2 | 40 | 32% | 14:28
|
| 2 | Joshua Roy | Elmer Soderblom | Tanner Fritz | 1 | 2 | 2 | 30 | 41% | 18:24
|
| 3 | Martin Kaut | Pontus Andreasson | Max McCormick | 1 | 2 | 2 | 20 | 21% | 9:12
|
| 4 | Martin Kaut | Max McCormick | Joshua Roy | 1 | 2 | 2 | 10 | 6% | 2:45
|
| 5 vs 5 Defense |
|---|
| Line # | Defense | Defense | | PHY | DF | OF | Wanted % | Time % | Time Play |
| 1 | Adam Clendening | Tobie Paquette-Bisson | | 1 | 2 | 2 | 40 | 28% | 12:31
|
| 2 | Adam Clendening | Cavan Fitzgerald | | 1 | 2 | 2 | 30 | 19% | 8:35
|
| 3 | Dylan McIlrath | Will Butcher | | 1 | 2 | 2 | 20 | 27% | 12:04
|
| 4 | Leon Gawanke | Michael Callahan | | 1 | 2 | 2 | 10 | 26% | 11:39
|
| Power Play Forward |
|---|
| Line # | Left Wing | Center | Right Wing | PHY | DF | OF | Wanted % | Time % | Time Play |
| 1 | Max McCormick | John Hayden | Martin Kaut | 1 | 2 | 2 | 60 | 58% | 5:10
|
| 2 | Joshua Roy | Elmer Soderblom | Tanner Fritz | 1 | 2 | 2 | 40 | 42% | 3:47
|
| Power Play Defense |
|---|
| Line # | Defense | Defense | | PHY | DF | OF | Wanted % | Time % | Time Play |
| 1 | Adam Clendening | Tobie Paquette-Bisson | | 1 | 2 | 2 | 60 | 59% | 5:16
|
| 2 | Adam Clendening | Cavan Fitzgerald | | 1 | 2 | 2 | 40 | 41% | 3:41
|
| Penalty Kill 4 Players Forward |
|---|
| Line # | Center | Wing | PHY | DF | OF | Wanted % | Time % | Time Play |
| 1 | Max McCormick | Martin Kaut | 1 | 2 | 2 | 60 | 99% | 4:56
|
| 2 | Joshua Roy | John Hayden | 1 | 2 | 2 | 40 | 1% | 0:03
|
| Penalty Kill 4 Players Defense |
|---|
| Line # | Defense | Defense | PHY | DF | OF | Wanted % | Time % | Time Play |
| 1 | Adam Clendening | Tobie Paquette-Bisson | 1 | 2 | 2 | 60 | 100% | 4:59
|
| 2 | Adam Clendening | Cavan Fitzgerald | 1 | 2 | 2 | 40 | 0% | 0:00
|
| Penalty Kill 3 Players |
|---|
| Line # | Wing | PHY | DF | OF | Wanted % | Time % | Time Play | Defense | Defense | PHY | DF | OF | Wanted % | Time % | Time Play |
| 1 | Max McCormick | 1 | 2 | 2 | 60 | 0% | 0:00
| Adam Clendening | Tobie Paquette-Bisson | 1 | 2 | 2 | 60 | 0% | 0:00
|
| 2 | Martin Kaut | 1 | 2 | 2 | 40 | 0% | 0:00
| Adam Clendening | Cavan Fitzgerald | 1 | 2 | 2 | 40 | 0% | 0:00
|
| 4 vs 4 Forward |
|---|
| Line # | Center | Wing | PHY | DF | OF | Wanted % | Time % | Time Play |
| 1 | Max McCormick | Martin Kaut | 1 | 2 | 2 | 60 | 0% | 0:00
|
| 2 | Joshua Roy | John Hayden | 1 | 2 | 2 | 40 | 0% | 0:00
|
| 4 vs 4 Defense |
|---|
| Line # | Defense | | PHY | DF | OF | Wanted % | Time % | Time Play |
| 1 | Adam Clendening | Tobie Paquette-Bisson | 1 | 2 | 2 | 60 | 0% | 0:00
|
| 2 | Adam Clendening | Cavan Fitzgerald | 1 | 2 | 2 | 40 | 0% | 0:00
|
| Last Minutes Offensive |
|---|
| Left Wing | Center | Right Wing | Defense | Defense |
| Max McCormick | John Hayden | Martin Kaut | Adam Clendening | Tobie Paquette-Bisson |
| Last Minutes Defensive |
|---|
| Left Wing | Center | Right Wing | Defense | Defense |
| Max McCormick | John Hayden | Martin Kaut | Adam Clendening | Tobie Paquette-Bisson |
| Time |
|---|
| Total Forward | Total Defense | Last Minutes Offensive | Last Minutes Defensive |
| 60:00 |
60:00 |
1:15 | 0:00 |
| Extra Forwards |
|---|
| Normal | PowerPlay | Penalty Kill |
|
Pontus Andreasson, Max McCormick, Martin Kaut | Pontus Andreasson, Max McCormick | Martin Kaut |
| Extra Defensemen |
|---|
| Normal | PowerPlay | Penalty Kill |
|
Cole Moberg, Dylan McIlrath, Will Butcher | Cole Moberg, Dylan McIlrath | Will Butcher |
| Penalty Shots |
|---|
|
Max McCormick, Martin Kaut, Joshua Roy, John Hayden, Elmer Soderblom |
| Goalie |
|---|
| Michael Houser, Dan Vladar |
| Scratches |
|---|
|
Alex Gallant (Healthy), Brandon Baddock (Healthy), Ryan Wagner (Healthy), Maxim Golod (Healthy), Tristan Mullin (Healthy)
Butrus Ghafari (Healthy), Gianni Fairbrother (Healthy), Maxim Marushev (Healthy), Mitchell Balmas (Healthy), Morgan Adams-Moisan (Healthy)
Nikita Pavlychev (Healthy), Tommy Apap (Healthy), Kirill Tyutyayev (Healthy), Kaden Fulcher (Healthy), Jesper Vikman (Healthy) |
Condors
| 5 vs 5 Forward |
|---|
| Line # | Left Wing | Center | Right Wing | PHY | DF | OF | Wanted % | Time % | Time Play |
| 1 | Cole Fonstad | James Hamblin | Walker Duehr | 1 | 2 | 2 | 40 | 30% | 13:36
|
| 2 | Luke Toporowski | Frank Nazar | Walker Duehr | 1 | 2 | 2 | 30 | 35% | 15:30
|
| 3 | Navrin Mutter | Hunter McKown | James Hamblin | 1 | 2 | 2 | 20 | 22% | 9:52
|
| 4 | Frank Nazar | Emilio Pettersen | Hunter McKown | 1 | 2 | 2 | 10 | 13% | 5:51
|
| 5 vs 5 Defense |
|---|
| Line # | Defense | Defense | | PHY | DF | OF | Wanted % | Time % | Time Play |
| 1 | Brayden Pachal | Nick Blankenburg | | 1 | 2 | 2 | 40 | 29% | 12:52
|
| 2 | Brandon Scanlin | Jonathan Aspirot | | 1 | 2 | 2 | 30 | 32% | 14:14
|
| 3 | Ville Ottavainen | Jack St. Ivany | | 1 | 2 | 2 | 20 | 23% | 10:13
|
| 4 | Nick Wolff | Nikolai Knyzhov | | 1 | 2 | 2 | 10 | 17% | 7:30
|
| Power Play Forward |
|---|
| Line # | Left Wing | Center | Right Wing | PHY | DF | OF | Wanted % | Time % | Time Play |
| 1 | Cole Fonstad | James Hamblin | Walker Duehr | 1 | 2 | 2 | 60 | 59% | 2:55
|
| 2 | Luke Toporowski | Frank Nazar | Walker Duehr | 1 | 2 | 2 | 40 | 41% | 2:04
|
| Power Play Defense |
|---|
| Line # | Defense | Defense | | PHY | DF | OF | Wanted % | Time % | Time Play |
| 1 | Brayden Pachal | Nick Blankenburg | | 1 | 2 | 2 | 60 | 58% | 2:53
|
| 2 | Brandon Scanlin | Jonathan Aspirot | | 1 | 2 | 2 | 40 | 42% | 2:06
|
| Penalty Kill 4 Players Forward |
|---|
| Line # | Center | Wing | PHY | DF | OF | Wanted % | Time % | Time Play |
| 1 | Walker Duehr | James Hamblin | 1 | 2 | 2 | 60 | 69% | 6:08
|
| 2 | Frank Nazar | Hunter McKown | 1 | 2 | 2 | 40 | 31% | 2:49
|
| Penalty Kill 4 Players Defense |
|---|
| Line # | Defense | Defense | PHY | DF | OF | Wanted % | Time % | Time Play |
| 1 | Brayden Pachal | Nick Blankenburg | 1 | 2 | 2 | 60 | 57% | 5:06
|
| 2 | Brandon Scanlin | Jonathan Aspirot | 1 | 2 | 2 | 40 | 43% | 3:51
|
| Penalty Kill 3 Players |
|---|
| Line # | Wing | PHY | DF | OF | Wanted % | Time % | Time Play | Defense | Defense | PHY | DF | OF | Wanted % | Time % | Time Play |
| 1 | Walker Duehr | 1 | 2 | 2 | 60 | 0% | 0:00
| Brayden Pachal | Nick Blankenburg | 1 | 2 | 2 | 60 | 0% | 0:00
|
| 2 | James Hamblin | 1 | 2 | 2 | 40 | 0% | 0:00
| Brandon Scanlin | Jonathan Aspirot | 1 | 2 | 2 | 40 | 0% | 0:00
|
| 4 vs 4 Forward |
|---|
| Line # | Center | Wing | PHY | DF | OF | Wanted % | Time % | Time Play |
| 1 | Walker Duehr | James Hamblin | 1 | 2 | 2 | 60 | 0% | 0:00
|
| 2 | Frank Nazar | Hunter McKown | 1 | 2 | 2 | 40 | 0% | 0:00
|
| 4 vs 4 Defense |
|---|
| Line # | Defense | | PHY | DF | OF | Wanted % | Time % | Time Play |
| 1 | Brayden Pachal | Nick Blankenburg | 1 | 2 | 2 | 60 | 0% | 0:00
|
| 2 | Brandon Scanlin | Jonathan Aspirot | 1 | 2 | 2 | 40 | 0% | 0:00
|
| Last Minutes Offensive |
|---|
| Left Wing | Center | Right Wing | Defense | Defense |
| Cole Fonstad | James Hamblin | Walker Duehr | Brayden Pachal | Nick Blankenburg |
| Last Minutes Defensive |
|---|
| Left Wing | Center | Right Wing | Defense | Defense |
| Navrin Mutter | Tristen Nielsen | Cole Fonstad | Ville Ottavainen | Nikolai Knyzhov |
| Time |
|---|
| Total Forward | Total Defense | Last Minutes Offensive | Last Minutes Defensive |
| 60:00 |
60:00 |
0:00 | 1:15 |
| Extra Forwards |
|---|
| Normal | PowerPlay | Penalty Kill |
|
Tristen Nielsen, Emilio Pettersen, Navrin Mutter | Tristen Nielsen, Emilio Pettersen | Navrin Mutter |
| Extra Defensemen |
|---|
| Normal | PowerPlay | Penalty Kill |
|
Zack Hayes, Ville Ottavainen, Jack St. Ivany | Zack Hayes, Ville Ottavainen | Jack St. Ivany |
| Penalty Shots |
|---|
|
Walker Duehr, James Hamblin, Frank Nazar, Hunter McKown, Emilio Pettersen |
| Goalie |
|---|
| Hunter Shepard, Akira Schmid |
| Scratches |
|---|
|
Aidan Fulp (Healthy), Alexander True (Healthy), Connor Bunnaman (Healthy), Andre Lee (Healthy), Patrick Giles (Healthy)
Cole Krygier (Healthy), Filip Roos (Healthy), Jordan Frasca (Healthy), Vasili Ponomarev (Healthy), Yaniv Perets (Healthy)
Pavel Cajan (Healthy) |
Play-by-Play
1st period
0:01 of 1st period - James Hamblin wins face-off versus John Hayden in neutral zone.
0:28 of 1st period - Snap shot by Frank Nazar.
0:28 of 1st period - Shot Blocked by Adam Clendening.
0:48 of 1st period - Slapshot by Joshua Roy.
0:48 of 1st period - Shot Misses the Net.
0:50 of 1st period - Wrist shot by Joshua Roy.
0:50 of 1st period - Stopped by Hunter Shepard without a rebound.
0:51 of 1st period - Emilio Pettersen wins face-off versus Elmer Soderblom in Condors zone.
1:16 of 1st period - Cole Fonstad is hit by Max McCormick.
2:45 of 1st period - Mike Vecchione is hit by James Hamblin and loses puck.
3:10 of 1st period - Brandon Scanlin is hit by Michael Callahan.
3:33 of 1st period - Icing by Cole Fonstad.
3:34 of 1st period - Pontus Andreasson wins face-off versus Emilio Pettersen in Condors zone.
3:54 of 1st period - Icing by Max McCormick.
3:55 of 1st period - John Hayden wins face-off versus Hunter McKown in Barracuda zone.
3:55 of 1st period - John Hayden is hit by Nick Blankenburg.
4:15 of 1st period - Wrist shot by Joshua Roy.
4:15 of 1st period - Stopped by Hunter Shepard with a rebound.
6:44 of 1st period - Slapshot by Pontus Andreasson.
6:44 of 1st period - Shot Misses the Net.
7:37 of 1st period - Off-side.
7:38 of 1st period - Tristen Nielsen wins face-off versus John Hayden in neutral zone.
10:42 of 1st period - Brandon Scanlin is hit by Rudolfs Balcers.
12:21 of 1st period - Icing by Jonathan Aspirot.
12:22 of 1st period - James Hamblin wins face-off versus John Hayden in Condors zone.
13:51 of 1st period - Mike Vecchione is hit by Brayden Pachal and loses puck.
19:13 of 1st period - Jonathan Aspirot is hit by Dylan McIlrath.
Goals for this period are 0 for Barracuda vs 0 for Condors.
Shots for this period are 2 for Barracuda vs 0 for Condors.
2nd period
0:01 of 2nd period - James Hamblin wins face-off versus John Hayden in neutral zone.
0:10 of 2nd period - Wrist shot by John Hayden.
0:10 of 2nd period - Shot Misses the Net.
0:12 of 2nd period - Slapshot by Adam Clendening.
0:12 of 2nd period - Shot Misses the Net.
0:14 of 2nd period - Slapshot by Adam Clendening.
0:14 of 2nd period - Shot Blocked by Nick Blankenburg.
0:22 of 2nd period - Minor Penalty to Cole Fonstad for Tripping.
0:23 of 2nd period - John Hayden wins face-off versus Walker Duehr in Condors zone.
0:39 of 2nd period - Slapshot by Max McCormick.
0:39 of 2nd period - Shot Blocked by Nick Blankenburg.
1:01 of 2nd period - Brandon Scanlin is hit by Max McCormick and loses puck.
2:22 of 2nd period - Penalty to Cole Fonstad is over, Cole Fonstad is back on ice.
2:39 of 2nd period - Wrist shot by Emilio Pettersen.
2:39 of 2nd period - Stopped by Michael Houser with a rebound.
2:41 of 2nd period - Slapshot by Luke Toporowski.
2:41 of 2nd period - Deflect By Cole Fonstad.
2:41 of 2nd period - Shot Misses the Net.
2:41 of 2nd period - Puck is out of play.
2:42 of 2nd period - Pontus Andreasson wins face-off versus Emilio Pettersen in Barracuda zone.
3:45 of 2nd period - Icing by Michael Callahan.
3:46 of 2nd period - Elmer Soderblom wins face-off versus Cole Fonstad in Barracuda zone.
4:04 of 2nd period - Icing by Adam Clendening.
4:05 of 2nd period - Elmer Soderblom wins face-off versus Emilio Pettersen in Barracuda zone.
4:27 of 2nd period - Tobie Paquette-Bisson is hit by James Hamblin and loses puck.
4:44 of 2nd period - Slapshot by Max McCormick.
4:44 of 2nd period - Stopped by Hunter Shepard without a rebound.
4:45 of 2nd period - Emilio Pettersen wins face-off versus Elmer Soderblom in Condors zone.
4:45 of 2nd period - Emilio Pettersen is hit by Tanner Fritz.
4:46 of 2nd period - Brayden Pachal beats up Will Butcher.
4:46 of 2nd period - Penalty to Brayden Pachal for Fighting.
4:46 of 2nd period - Penalty to Will Butcher for Fighting.
4:47 of 2nd period - John Hayden wins face-off versus Cole Fonstad in Condors zone.
5:24 of 2nd period - Snap shot by Emilio Pettersen.
5:24 of 2nd period - Shot Blocked by Cole Moberg.
6:52 of 2nd period - Snap shot by Emilio Pettersen.
6:52 of 2nd period - Shot Blocked by Leon Gawanke.
7:14 of 2nd period - Pontus Andreasson is hit by Navrin Mutter and loses puck.
8:01 of 2nd period - Minor Penalty to Emilio Pettersen for Slashing.
8:02 of 2nd period - Walker Duehr wins face-off versus John Hayden in Condors zone.
9:46 of 2nd period - Penalty to Brayden Pachal is over, Brayden Pachal is back on ice.
10:01 of 2nd period - Penalty to Emilio Pettersen is over, Emilio Pettersen is back on ice.
10:45 of 2nd period - Michael Callahan is hit by Navrin Mutter and loses puck.
11:26 of 2nd period - Snap shot by Brandon Scanlin.
11:26 of 2nd period - Deflect By Luke Toporowski.
11:26 of 2nd period - Stopped by Michael Houser with a rebound.
11:32 of 2nd period - Rudolfs Balcers is hit by Tristen Nielsen and loses puck.
11:51 of 2nd period - Nick Blankenburg is hit by Dylan McIlrath and loses puck.
12:02 of 2nd period - Slapshot by Tobie Paquette-Bisson.
12:02 of 2nd period - Shot Blocked by Nick Blankenburg.
13:27 of 2nd period - Adam Clendening is hit by Ville Ottavainen and loses puck.
14:04 of 2nd period - Tanner Fritz is hit by Frank Nazar and loses puck.
15:19 of 2nd period - Brayden Pachal is hit by Tobie Paquette-Bisson and loses puck.
16:22 of 2nd period - Major Penalty to Cole Fonstad for Boarding.
16:23 of 2nd period - Walker Duehr wins face-off versus John Hayden in Condors zone.
16:36 of 2nd period - Slapshot by Adam Clendening.
16:36 of 2nd period - Shot Misses the Net.
17:09 of 2nd period - Icing by Adam Clendening.
17:10 of 2nd period - Frank Nazar wins face-off versus John Hayden in Barracuda zone.
17:13 of 2nd period - Snap shot by Hunter McKown.
17:13 of 2nd period - Deflect By Frank Nazar.
17:13 of 2nd period - Shot Misses the Net.
17:13 of 2nd period - Puck is out of play.
17:14 of 2nd period - John Hayden wins face-off versus Frank Nazar in Barracuda zone.
17:26 of 2nd period - Slapshot by Jonathan Aspirot.
17:26 of 2nd period - Shot Misses the Net.
17:47 of 2nd period - Snap shot by Martin Kaut.
17:47 of 2nd period - Shot Misses the Net.
17:49 of 2nd period - Snap shot by John Hayden.
17:49 of 2nd period - Deflect By Max McCormick.
17:49 of 2nd period - Shot Blocked by Jonathan Aspirot.
17:49 of 2nd period - Puck is out of play.
17:50 of 2nd period - Walker Duehr wins face-off versus Elmer Soderblom in Condors zone.
17:59 of 2nd period - Slapshot by Adam Clendening.
17:59 of 2nd period - Stopped by Hunter Shepard with a rebound.
18:35 of 2nd period - John Hayden is hit by Hunter McKown and loses puck.
19:21 of 2nd period - Jonathan Aspirot is hit by Joshua Roy and loses puck.
Goals for this period are 0 for Barracuda vs 0 for Condors.
Shots for this period are 2 for Barracuda vs 2 for Condors.
3rd period
0:01 of 3rd period - John Hayden wins face-off versus Walker Duehr in neutral zone.
0:04 of 3rd period - Brayden Pachal is hit by Adam Clendening and loses puck.
0:13 of 3rd period - Slapshot by John Hayden.
0:13 of 3rd period - Shot Hit the Post.
0:15 of 3rd period - Wrist shot by Max McCormick.
0:15 of 3rd period - Stopped by Hunter Shepard without a rebound.
0:16 of 3rd period - Walker Duehr wins face-off versus Max McCormick in Condors zone.
0:45 of 3rd period - Slapshot by Adam Clendening.
0:45 of 3rd period - Deflect By Brayden Pachal.
0:45 of 3rd period - Stopped by Hunter Shepard with a rebound.
1:10 of 3rd period - John Hayden is hit by Hunter McKown and loses puck.
1:22 of 3rd period - Penalty to Cole Fonstad is over, Cole Fonstad is back on ice.
2:10 of 3rd period - Slapshot by Cole Fonstad.
2:10 of 3rd period - Goal by Cole Fonstad - Barracuda : 0 - Condors : 1.
2:11 of 3rd period - John Hayden wins face-off versus James Hamblin in neutral zone.
2:16 of 3rd period - Snap shot by Max McCormick.
2:16 of 3rd period - Shot Blocked by Nick Blankenburg.
2:18 of 3rd period - Snap shot by Max McCormick.
2:18 of 3rd period - Shot Misses the Net.
2:20 of 3rd period - Slapshot by Adam Clendening.
2:20 of 3rd period - Stopped by Hunter Shepard with a rebound.
2:22 of 3rd period - Snap shot by Martin Kaut.
2:22 of 3rd period - Shot Misses the Net.
2:24 of 3rd period - Slapshot by Tobie Paquette-Bisson.
2:24 of 3rd period - Deflect By Max McCormick.
2:24 of 3rd period - Stopped by Hunter Shepard without a rebound.
2:25 of 3rd period - Elmer Soderblom wins face-off versus Frank Nazar in Condors zone.
2:26 of 3rd period - Wrist shot by Joshua Roy.
2:26 of 3rd period - Shot Misses the Net.
2:32 of 3rd period - Wrist shot by Walker Duehr.
2:32 of 3rd period - Shot Blocked by Tobie Paquette-Bisson.
2:34 of 3rd period - Slapshot by Brayden Pachal.
2:34 of 3rd period - Deflect By Tobie Paquette-Bisson.
2:34 of 3rd period - Stopped by Michael Houser with a rebound.
2:36 of 3rd period - Slapshot by Luke Toporowski.
2:36 of 3rd period - Shot Misses the Net.
2:38 of 3rd period - Snap shot by Walker Duehr.
2:38 of 3rd period - Shot Misses the Net.
2:40 of 3rd period - Slapshot by Nick Blankenburg.
2:40 of 3rd period - Stopped by Michael Houser with a rebound.
2:46 of 3rd period - Major / Game Misconduct Penalty to Tobie Paquette-Bisson for Attempt to injure.
2:46 of 3rd period - Tobie Paquette-Bisson is ejected from game.
2:47 of 3rd period - Max McCormick wins face-off versus James Hamblin in Barracuda zone.
3:36 of 3rd period - Snap shot by Luke Toporowski.
3:36 of 3rd period - Shot Misses the Net.
3:38 of 3rd period - Backhand shot by Tristen Nielsen.
3:38 of 3rd period - Stopped by Michael Houser with a rebound.
3:40 of 3rd period - Slapshot by Jonathan Aspirot.
3:40 of 3rd period - Shot Blocked by Will Butcher.
4:08 of 3rd period - Slapshot by Tanner Fritz.
4:08 of 3rd period - Deflect By Cole Fonstad.
4:08 of 3rd period - Stopped by Hunter Shepard with a rebound.
4:12 of 3rd period - Snap shot by Mike Vecchione.
4:12 of 3rd period - Shot Misses the Net.
7:05 of 3rd period - Martin Kaut is hit by Walker Duehr and loses puck.
7:46 of 3rd period - Penalty to Tobie Paquette-Bisson is over, Rudolfs Balcers is send on ice.
8:32 of 3rd period - Icing by Jack St. Ivany.
8:33 of 3rd period - Pontus Andreasson wins face-off versus James Hamblin in Condors zone.
8:42 of 3rd period - Elmer Soderblom is hit by Hunter McKown and loses puck.
9:25 of 3rd period - Snap shot by Elmer Soderblom.
9:25 of 3rd period - Shot Misses the Net.
9:27 of 3rd period - Snap shot by John Hayden.
9:27 of 3rd period - Deflect By Tristen Nielsen.
9:27 of 3rd period - Stopped by Hunter Shepard with a rebound.
9:29 of 3rd period - Slapshot by Rudolfs Balcers.
9:29 of 3rd period - Stopped by Hunter Shepard without a rebound.
9:30 of 3rd period - Tristen Nielsen wins face-off versus Pontus Andreasson in Condors zone.
10:13 of 3rd period - Icing by Pontus Andreasson.
10:14 of 3rd period - Elmer Soderblom wins face-off versus Frank Nazar in Barracuda zone.
10:14 of 3rd period - Elmer Soderblom is hit by Brandon Scanlin.
10:26 of 3rd period - Wrist shot by Elmer Soderblom.
10:26 of 3rd period - Stopped by Hunter Shepard with a rebound.
10:47 of 3rd period - Snap shot by John Hayden.
10:47 of 3rd period - Shot Blocked by Jonathan Aspirot.
11:45 of 3rd period - Icing by Elmer Soderblom.
11:46 of 3rd period - Pontus Andreasson wins face-off versus Frank Nazar in Barracuda zone.
12:53 of 3rd period - John Hayden is hit by Nick Wolff.
13:06 of 3rd period - Icing by Will Butcher.
13:07 of 3rd period - John Hayden wins face-off versus Hunter McKown in Barracuda zone.
14:09 of 3rd period - Elmer Soderblom is hit by Luke Toporowski and loses puck.
14:53 of 3rd period - Wrist shot by Emilio Pettersen.
14:53 of 3rd period - Stopped by Michael Houser with a rebound.
14:55 of 3rd period - Backhand shot by Emilio Pettersen.
14:55 of 3rd period - Stopped by Michael Houser with a rebound.
15:29 of 3rd period - Walker Duehr is hit by Rudolfs Balcers and loses puck.
19:09 of 3rd period - Barracuda, Michael Houser is pulled from the net.
19:27 of 3rd period - Snap shot by Max McCormick.
19:27 of 3rd period - Shot Blocked by Luke Toporowski.
19:29 of 3rd period - Snap shot by Max McCormick.
19:29 of 3rd period - Stopped by Hunter Shepard with a rebound.
19:31 of 3rd period - Snap shot by Tyler Kleven.
19:31 of 3rd period - Deflect By Adam Clendening.
19:31 of 3rd period - Shot Misses the Net.
19:31 of 3rd period - Puck is out of play.
19:32 of 3rd period - Paul Coffey call a timeout for Barracuda.
19:32 of 3rd period - Pontus Andreasson wins face-off versus Frank Nazar in Condors zone.
19:43 of 3rd period - Snap shot by Adam Clendening.
19:43 of 3rd period - Stopped by Hunter Shepard without a rebound.
19:44 of 3rd period - Pontus Andreasson wins face-off versus Frank Nazar in Condors zone.
19:49 of 3rd period - Snap shot by Adam Clendening.
19:49 of 3rd period - Deflect By Max McCormick.
19:49 of 3rd period - Shot Misses the Net.
19:49 of 3rd period - Puck is out of play.
19:50 of 3rd period - Frank Nazar wins face-off versus Pontus Andreasson in Condors zone.
19:57 of 3rd period - Wrist shot by Walker Duehr.
19:57 of 3rd period - Deflect By Pontus Andreasson.
19:57 of 3rd period - Shot Hit the Post.
19:57 of 3rd period - Puck is out of play.
19:58 of 3rd period - Michael Houser from Barracuda was sent back in the game.
19:58 of 3rd period - Frank Nazar wins face-off versus Pontus Andreasson in Barracuda zone.
19:59 of 3rd period - Wrist shot by Walker Duehr.
19:59 of 3rd period - Deflect By Frank Nazar.
19:59 of 3rd period - Stopped by Michael Houser without a rebound.
Goals for this period are 0 for Barracuda vs 1 for Condors.
Shots for this period are 10 for Barracuda vs 7 for Condors.